 Dungeon Crawl Stone Soup version 0.17.1-3-g152610e (webtiles) character file.

324 Metrazal the Sneak (level 6, 0/30 HPs)
             Began as a Spriggan Assassin on Mar 19, 2016.
             Was a Follower of Elyvilon.
             Killed by divine providence
             ... invoked by an orc priest
              (12 damage)
             ... on level 3 of the Dungeon.
             The game lasted 00:17:28 (2739 turns).

Metrazal the Sneak (Spriggan Assassin)              Turns: 2739, Time: 00:17:29

Health: 0/30       AC:  3    Str:  7    XL:     6   Next: 23%
Magic:  7/7        EV: 21    Int: 13    God:    Elyvilon [*.....]
Gold:   169        SH:  0    Dex: 19    Spells: 0 memorised, 5 levels left

rFire  + . .     SeeInvis +     a - +2 dagger
rCold  x . .     Clarity  .     j - +0 robe
rNeg   . . .     SustAt   .     (shield restricted)
rPois  .         Gourm    .     (helmet restricted)
rElec  .         Spirit   .     d - +0 cloak
rCorr  .         Warding  .     (gloves unavailable)
rMut   .         Stasis   .     (boots unavailable)
MR     +....                    (no amulet)
Stlth  +++++.....               s - ring of fire
                                q - ring of stealth

@: very quick, somewhat resistant to hostile enchantments, quite stealthy
A: unfitting armour, see invisible, herbivore 3, speed 3, slow metabolism 2
a: Lesser Healing, Divine Protection, Renounce Religion


You were on level 3 of the Dungeon.
You worshipped Elyvilon.
Elyvilon was aware of your devotion.
You were not hungry.

You visited 1 branch of the dungeon, and saw 3 of its levels.

You collected 169 gold pieces.

Inventory:

Hand Weapons
 a - a +2 dagger (weapon)
 b - a +0 blowgun
 c - a +0 hunting sling
Missiles
 e - 4 poisoned needles
 f - 2 curare-tipped needles
 h - 57 stones (quivered)
 t - 24 arrows
Armour
 d - a +0 cloak (worn)
 j - a +0 robe (worn)
Jewellery
 q - a ring of stealth (left hand)
 s - a ring of fire (right hand)
Wands
 u - a wand of digging (14)
Scrolls
 p - 2 scrolls of remove curse
Potions
 i - a potion of haste
 k - a potion of flight {unknown}
 l - a potion of ambrosia {unknown}
 m - a potion of might {unknown}
 n - 3 potions of curing
 o - a potion of berserk rage {unknown}
 r - a potion of beneficial mutation {unknown}
Comestibles
 g - a bread ration


   Skills:
 - Level 1.5 Fighting
 + Level 4.2 Short Blades
 + Level 3.1(3.6) Slings
 - Level 2.0(2.6) Throwing
 + Level 4.8 Dodging
 + Level 7.5 Stealth


You had 5 spell levels left.
You didn't know any spells.

Dungeon Overview and Level Annotations

Branches:
Dungeon (3/15)

Altars:
Elyvilon
Makhleb
Sif Muna


Innate Abilities, Weirdness & Mutations

You are tiny and cannot use many weapons and most armour.
You have supernaturally acute eyesight.
You are a herbivore.
You cover ground extremely quickly.
You need consume almost no food.


Message History

The stone closely misses the orc priest.
Firing (i - inventory):
h - 59 stones (quivered)
Press: ? - help, Shift-Dir - straight line, f/p - orc priest
Aim: an orc priest, wielding a club and wearing a scale mail (almost dead)
You shoot a stone. The stone hits the orc priest.
The orc priest is almost dead.
Firing (i - inventory):
h - 58 stones (quivered)
Press: ? - help, Shift-Dir - straight line, f/p - orc priest
Aim: an orc priest, wielding a club and wearing a scale mail (almost dead)
You shoot a stone. The stone barely misses the orc priest.
Wield which item (- for none, * to show all)? (? for menu, Esc to quit)
a - a +2 dagger (weapon)
You closely miss the orc priest.
The orc priest is almost dead.
The orc priest hits you with a club.
You hit the orc priest but do no damage.
The orc priest is almost dead.
The orc priest calls down the wrath of Beogh upon you.
Something smites you!
You die...

# #..####.#.###.###.# #.# #
#..# #...# #.# #.# #.# #
#..####...###+###.########.#
#
#..........................#
##.####....##.##############
#.)....#####.# ######## #.#
#.# #@# #o# ### #.# ##.##
#.# ######...## ### #(#
#.........# ##.## ##.##
#.####...##
##.#.######...####[#####.##
#.###....#..(........# #.#
##.#.###.##....###.#.# #.#


You could see an orc priest.

Vanquished Creatures
  Sigmund (D:2)
  An orc priest (D:3)
  An orc wizard (D:3)
  3 adders
  2 oozes (D:2)
  2 worms
  A giant gecko (D:1)
  9 orcs (D:3)
  5 giant cockroaches
  6 goblins
  3 hobgoblins
  7 jackals
  5 kobolds
  3 quokkas
  A ball python (D:3)
  2 bats
  4 giant newts (D:1)
  11 rats
67 creatures vanquished.

Notes
Turn   | Place    | Note
--------------------------------------------------------------
     0 | D:1      | Metrazal the Spriggan Assassin began the quest for the Orb.
     0 | D:1      | Reached XP level 1. HP: 10/10 MP: 2/2
   418 | D:1      | Reached skill level 6 in Stealth
   449 | D:1      | Reached skill level 1 in Slings
   561 | D:1      | Reached XP level 2. HP: 14/14 MP: 3/3
   868 | D:2      | Found a white marble altar of Elyvilon.
   878 | D:2      | Became a worshipper of Elyvilon the Healer
   963 | D:2      | Noticed Sigmund
   972 | D:2      | Killed Sigmund
   972 | D:2      | Reached skill level 7 in Stealth
   972 | D:2      | Reached XP level 3. HP: 11/18 MP: 4/4
   972 | D:2      | Reached XP level 4. HP: 13/22 MP: 5/5
   972 | D:2      | Reached XP level 5. HP: 14/25 MP: 6/6
  1865 | D:3      | Reached XP level 6. HP: 30/30 MP: 7/7
  1908 | D:3      | Found a deep blue altar of Sif Muna.
  2324 | D:3      | Found a burning altar of Makhleb.
  2340 | D:3      | Reached * piety under Elyvilon
  2739 | D:3      | Killed from afar by an orc priest

Action                   |  1- 3 |  4- 6 || total
-------------------------+-------+-------++-------
Melee: Dagger            |    38 |   133 ||   171
 Fire: Hunting sling     |       |     9 ||     9
       Blowgun           |       |     5 ||     5
  Use: Scroll            |     4 |     2 ||     6
 Stab: Sleeping          |     9 |    18 ||    27
       Distracted        |       |     1 ||     1
